 Dungeon Crawl Stone Soup version 0.27-a0-899-ge2d0b17c59 (webtiles) character file.

Game seed: 189439371462668785

11 siradein the Slasher (level 2, 19/23 HPs)
             Began as a Djinni Gladiator on Apr 5, 2021.
             Quit the game on level 1 of the Dungeon.
             The game lasted 00:01:43 (642 turns).

siradein the Slasher (Djinni Gladiator)              Turns: 642, Time: 00:01:44

Health: 19/23      AC:  4    Str: 13    XL:     2   Next: 29%
Gold:   44         EV: 12    Int:  9    God:
                   SH:  0    Dex: 14

rFire    + + .     SeeInvis .   a - +0 long sword
rCold    x . .     Faith    .   (no shield)
rNeg     . . .     Spirit   .   b - +0 leather armour
rPois    ∞         Reflect  .   c - +0 helmet
rElec    .         Harm     .   (no cloak)
rCorr    .         Rampage  .   (no gloves)
Will     .....                  (boots unavailable)
Stlth    +.........             (no amulet)
HPRegen  0.07/turn              (no ring)
MPRegen  0.00/turn              (no ring)

@: flying
A: fire resistance 2, cold vulnerability 1, float, innate caster, hp casting,
extra vitality 1
a: no special abilities


You were on level 1 of the Dungeon.
You visited 1 branch of the dungeon, and saw 1 of its levels.

You collected 44 gold pieces.

Inventory:

Hand Weapons
 a - a +0 long sword (weapon)
 g - a +1 short sword of venom
Missiles
 d - 3 throwing nets (quivered)
Armour
 b - a +0 leather armour (worn)
 c - a +0 helmet (worn)
Scrolls
 e - a scroll of identify {unknown}
 f - a scroll of amnesia {unknown}
Potions
 h - a potion of attraction {unknown}


   Skills:
 - Level 2.0 Fighting
 + Level 3.3 Long Blades
 - Level 1.5 Throwing
 - Level 3.2 Dodging


You had one spell level left.
You didn't know any spells.
Your spell library was empty.

Dungeon Overview and Level Annotations

Branches:
Dungeon (1/15)

Altars:


Innate Abilities, Weirdness & Mutations

You are immune to poison.
Your flesh is very heat resistant. (rF++)
You are vulnerable to cold. (rC-)
You float through the air rather than walking.
You learn spells naturally, not from books.
Your magical power is your life essence.
You have superior vitality. (+4 HP)


Message History

You kill the kobold!
You have reached level 2!
Things that are here:
a +1 short sword of venom; a kobold corpse
g - a +1 short sword of venom Your +1 short sword of venom begins to drip with poison!
g - a +1 short sword of venom (weapon)
You now have 44 gold pieces (gained 15).
A rat comes into view.
The rat bites you.
You closely miss the rat. The rat misses you.
You hit the rat.
You kill the rat!
h - a golden potion A goblin comes into view.
It is wielding a +0 club.
A goblin comes into view. It is wielding a +0 dagger.
Found a dark potion.
You miss the goblin. The goblin hits you with a +0 club.
You hit the goblin.
You kill the goblin!
The goblin closely misses you.
You see here a +0 club.
You closely miss the goblin. The goblin barely misses you.
You closely miss the goblin. The goblin closely misses you.
You hit the goblin.
The goblin is poisoned.
The goblin is severely wounded.
You kill the goblin!
Things that are here:
a +0 dagger; a goblin corpse Your +1 short sword of venom stops dripping with poison.
a - a +0 long sword (weapon)
A hobgoblin comes into view.
A hobgoblin is nearby!
The hobgoblin shouts!
You see here a dark potion.
You don't know any spells.
You barely miss the hobgoblin. The hobgoblin hits you.
You hit the hobgoblin.
You kill the hobgoblin!
Are you sure you want to abandon this character and quit the game? (Confirm with "yes".)

######### ##### .......
..... ...... .... #...#
#..# ###...## #..#
#..@...# #..#
#......###.####..###
.#####..........#........
........!.............<..
#####......#####........
#.)##### #........ #.)#
###..####
.#####..###########..####
.........................


There were no monsters in sight!

Vanquished Creatures
  2 endoplasms (D:1)
  A giant cockroach (D:1)
  2 goblins (D:1)
  A hobgoblin (D:1)
  A kobold (D:1)
  2 frilled lizards (D:1)
  A rat (D:1)
10 creatures vanquished.

Notes
Turn   | Place    | Note
-------+----------+-------------------------------------------
     0 | D:1      | siradein the Djinni Gladiator began the quest for the Orb.
     0 | D:1      | Reached XP level 1. HP: 18/18 MP: 0/0
   480 | D:1      | Reached XP level 2. HP: 23/23 MP: 0/0
   642 | D:1      | Quit the game

Illustrated notes

Levels and vault maps discovered:
D:1:      dpeg_arrival_boxes_within_box, layout_loops_ring

Skill      XL: |  1 |
---------------+----+-----
Long Blades    | 3 |  3.3
Fighting       | |  2.0
Throwing       | |  1.5
Dodging        | |  3.2

Action                   || total
-------------------------++-------
Melee: Long sword        ||    13
       Short sword       ||     7
 Stab: Sleeping          ||     1
Armor: Leather armour    ||     1
Dodge: Dodged            ||     7

Table legend: (Time is in decaauts)
 A = Elapsed time spent in this place.
 B = Non-inter-level travel time spent in this place.
 C = Inter-level travel time spent in this place.
 D = Time resting spent in this place.
 E = Time spent auto-exploring this place.
 F = Levels seen in this place.
 G = Mean time per level.
                   A        B        C        D        E       F      G
               +--------+--------+--------+--------+--------+-----+--------+
         Total |    644 |    644 |      0 |      0 |    584 |   1 |  644.0 |
       Dungeon |    644 |    644 |      0 |      0 |    584 |   1 |  644.0 |
               +--------+--------+--------+--------+--------+-----+--------+

Top non-repeatable levels by time:
     D:1: 644 daAuts
